 Dungeon Crawl Stone Soup version 0.22.1-1-ga44c0e5 (webtiles) character file.

2 Goblin1989 the Magician (level 1, 0/9 HPs)
             Began as a Vine Stalker Wanderer on Oct 22, 2018.
             Slain by a hobgoblin
             ... wielding a cursed -1 club
              (4 damage)
             ... on level 1 of the Dungeon.
             The game lasted 00:01:00 (145 turns).

Goblin1989 the Magician (Vine Stalker Wanderer)      Turns: 145, Time: 00:01:01

Health: 0/9        AC:  2    Str: 14    XL:     1   Next: 30%
Magic:  0/4        EV: 11    Int: 13    God:
Gold:   0          SH:  0    Dex: 12    Spells: 4/4 levels left

rFire    . . .     SeeInvis .   (no weapon)
rCold    . . .     Gourm    .   (no shield)
rNeg     . . .     Faith    .   c - +0 robe
rPois    .         Spirit   +   (no helmet)
rElec    .         Reflect  .   (no cloak)
rCorr    .         Harm     .   (no gloves)
MR       .....                  (no boots)
Stlth    ++........             (no amulet)
HPRegen  0.03/turn              (no ring)
MPRegen  0.09/turn              (no ring)

@: no status effects
A: fangs 2, magic shield, antimagic bite, no potion heal 3, rot immunity
a: no special abilities


You were on level 1 of the Dungeon.
You were not hungry.

You visited 1 branch of the dungeon, and saw 1 of its levels.

Inventory:

Armour
 c - a +0 robe (worn)
Potions
 b - 2 potions of lignification
Comestibles
 e - a ration


   Skills:
 - Level 1.2 Stealth
 + Level 0.6 Unarmed Combat
 - Level 2.1 Spellcasting
   Level 2.0 Summonings
   Level 2.0 Ice Magic
   Level 2.0 Earth Magic
   Level 1.0 Evocations


You had 4 spell levels left.
You didn't know any spells.
Your spell library contained the following spells:

 Spells                   Type           Power        Failure   Level  Hunger
 Call Imp                 Summ           #.......     17%         2    ###....
 Magic Dart               Conj           #...         26%         1    ##.....
 Blink                    Tloc           N/A          36%         2    ###....
 Slow                     Hex            #.......     36%         2    ###....
 Conjure Flame            Conj/Fire      #.......     58%         3    ####...
 Mephitic Cloud           Conj/Pois/Air  #.......     58%         3    ####...


Dungeon Overview and Level Annotations

Branches:
Dungeon (1/15)

Altars:


Innate Abilities, Weirdness & Mutations

You have extremely sharp teeth.
When hurt, damage is shared between your health and your magic reserves.
Your bite disrupts and absorbs the magic of your enemies.
Potions cannot restore your health.
You are immune to rotting.


Message History

e - a ration You become a deep troll!
Welcome, Goblin1989 the Vine Stalker Wanderer.
It is said that the Orb of Zot exists deep within this dungeon.
Press ? for a list of commands and other information.
Found a staircase leading out of the dungeon.
Drop what? 4/52 slots (_ for help) (? for menu, Esc to quit)
You are now empty-handed.
You drop a +0 club.
Okay, then.
You open the door. You open the door.
There is an open door here.
Found an escape hatch in the floor.
There is an open door here.
There is a staircase leading out of the dungeon here.
You see here a +0 club.
There is an open door here.
A rat comes into view.
The rat barely misses you.
You hit the rat but do no damage. You bite the rat. You drain its power.
The rat is moderately wounded.
The rat bites you but does no damage.
You closely miss the rat.
The rat is moderately wounded.
The rat closely misses you.
You barely miss the rat. Your bite misses the rat.
The rat is moderately wounded.
The rat bites you but does no damage.
You closely miss the rat.
The rat is moderately wounded.
The rat bites you.
You take 2 damage, and have 7/9 hp.
MASSIVE DAMAGE!!
You now have 3/4 mp.
You hit the rat. You bite the rat.
You kill the rat!
Found a stone staircase leading down.
MP restored: 4 A hobgoblin comes into view.
A hobgoblin comes into view. It is wielding a club.
You closely miss the hobgoblin. The hobgoblin closely misses you.
You closely miss the hobgoblin. You bite the hobgoblin. You drain its power.
The hobgoblin is moderately wounded.
The hobgoblin barely misses you.
You hit the hobgoblin but do no damage.
The hobgoblin is moderately wounded.
The hobgoblin hits you but does no damage.
You completely miss the hobgoblin. Your bite misses the hobgoblin.
The hobgoblin is moderately wounded.
The hobgoblin closely misses you.
You hit the hobgoblin. You bite the hobgoblin.
You kill the hobgoblin!
HP restored.
b - 2 potions of lignification (gained 1) Health restored: 9 The hobgoblin is too close now for your liking.
You hit the hobgoblin but do no damage. The hobgoblin hits you with a club.
You take 2 damage, and have 7/9 hp.
MASSIVE DAMAGE!!
You hit the hobgoblin but do no damage.
You bite the hobgoblin, but do no damage.
The hobgoblin closely misses you.
You barely miss the hobgoblin.
You bite the hobgoblin, but do no damage.
You closely miss the hobgoblin.
The hobgoblin hits you but does no damage.
You barely miss the hobgoblin. Your bite misses the hobgoblin.
The hobgoblin hits you with a club.
You take 1 damage, and have 6/9 hp.
You now have 3/4 mp.
You barely miss the hobgoblin. Your bite misses the hobgoblin.
The hobgoblin barely misses you.
You closely miss the hobgoblin. The hobgoblin hits you with a club.
* * * LOW HITPOINT WARNING * * *
You take 2 damage, and have 4/9 hp.
MASSIVE DAMAGE!!
You now have 2/4 mp.
You closely miss the hobgoblin. Your bite misses the hobgoblin.
The hobgoblin closely misses you.
You hit the hobgoblin but do no damage. The hobgoblin barely misses you.
You closely miss the hobgoblin. The hobgoblin hits you with a club.
You die...

█.█ █.██.█.█..█████.█
█.█ █.██.█..........█
██.█████$........███████
█.....██.██.███..█
██..██.██.█...██..█
██...█.............█
██.█..█.........██..█
███.███..........███..█
...███.█........@█ █..█
███.███...█.....g█ █..█
██.█...███...... ...█
█████.█...█....█████.██
......███..█████ [█


███████ .██ .█ .█ .█ You could see a hobgoblin.

Vanquished Creatures
  A hobgoblin (D:1)
  A rat (D:1)
2 creatures vanquished.

Notes
Turn   | Place    | Note
-------+----------+-------------------------------------------
     0 | D:1      | Goblin1989 the Vine Stalker Wanderer began the quest for
                  | the Orb.
     0 | D:1      | Goblin1989 set off with: a potion of lignification, a +0
                  | robe, a +0 club, a ration
     0 | D:1      | Reached XP level 1. HP: 9/9 MP: 4/4
   145 | D:1      | Slain by a hobgoblin

Action                   || total
-------------------------++-------
Melee: Unarmed           ||    20
       Bite              ||     6
Armor: Robe              ||     3
Dodge: Dodged            ||     9

Vault maps used:
D:1:      dpeg_arrival_tiny_b, corexii_leaking_fountain
